AoeStats
← DragonKiller6

Arabia

508944006Analyzed
1v1 RM · 6d ago on Sep 24, 2026· 38m 38s· 2 players
Game mode
Random Map
Map size
Tiny (2 player)
Population
200
Speed
Normal
Resources
Standard
Victory
Conquest
Starting age
Dark Age
Ending age
Imperial Age
RankedLock teamsTeams togetherTeam positionsShared explorationLock speedFull tech treeHidden civsTurbo modeCheats
Victory
Defeat
🇭🇺 Magyars · Hungary
1265
+16
🇲🇽 Chinese · Mexico
1265
-16
DragonKiller6
6:25 Loom
8:44 Feudal Age
15:26 Wheelbarrow
15:11 Double-Bit Axe
17:34 Fletching
20:29 Castle Age
19:27 Fletching
20:00 Gold Mining
21:17 Bloodlines
21:15 Horse Collar
22:22 Bodkin Arrow
26:20 Padded Archer Armor
27:10 Husbandry
33:26 Bow Saw
37:01 Imperial Age
35:53 Stone Mining
36:06 Heavy Plow
37:04 Hand Cart
carlosalbertoalvarez0
0:37 Loom
9:10 Feudal Age
10:23 Double-Bit Axe
19:42 Castle Age
19:49 Scale Mail Armor
20:50 Chain Mail Armor
22:46 Wheelbarrow
29:42 Hand Cart
37:02 Fletching
Connection lost

Rejoining the realm…

Still unreachable

The connection could not be restored.

Session expired

The server has moved on; the page needs a fresh start.